 Dungeon Crawl Stone Soup version 0.18.1-50-g88ac8fd (console) character file.

51214 Kloppie the Fencer (level 14, 0/135 HPs)
             Began as a Centaur Berserker on Sept 25, 2016.
             Was the Champion of Trog.
             Slain by a jumping spider (5 damage)
             ... on level 4 of the Lair of Beasts.
             The game lasted 00:40:16 (22283 turns).

Kloppie the Fencer (Centaur Berserker)             Turns: 22283, Time: 00:40:16

Health: 0/135      AC: 17    Str: 25    XL:     14   Next: 22%
Magic:  0/4        EV:  8    Int:  6    God:    Trog [******]
Gold:   1843       SH:  0    Dex:  9    Spells: 0 memorised, 13 levels left

rFire  . . .     SeeInvis .     a - +8 great sword (antimagic)
rCold  . . .     Gourm    .     y - +4 scale mail "Vuefyirhiz" {rElec Regen+}
rNeg   . . .     Faith    .     (shield currently unavailable)
rPois  +         Spirit   +     s - +0 hat {MR+}
rElec  +         Dismiss  .     L - +1 cloak {rPois}
rCorr  .         Reflect  .     j - +2 pair of gloves
SustAt .         Harm     .     (no barding)
MR     ++...                    D - amulet of guardian spirit
Stlth  ..........               G - +6 ring of slaying
                                C - +4 ring of slaying

@: lethally poisoned (0 -> -6), very quick, very resistant to hostile
enchantments, extremely unstealthy
A: hooves 3, deformed body, speed 2, tough skin 3
a: Berserk, Trog's Hand, Brothers in Arms, Burn Spellbooks, Renounce Religion


You were on level 4 of the Lair of Beasts.
You worshipped Trog.
Trog was exalted by your worship.
You were not hungry.

You visited 3 branches of the dungeon, and saw 20 of its levels.
You also visited: Ossuary, Bailey and Volcano.

You collected 2142 gold pieces.
You spent 299 gold pieces at shops.

Inventory:

Hand Weapons
 a - a +8 antimagic great sword (weapon)
 b - a +0 demon whip of flaming
 f - a +5 triple sword of protection
 t - a +2 falchion of electrocution
 H - a +1 antimagic great sword
Armour
 j - a +2 pair of gloves (worn)
 s - a +0 hat of magic resistance (worn)
 y - the +4 scale mail "Vuefyirhiz" (worn) {rElec Regen+}
   (You found it on level 11 of the Dungeon)

   It insulates you from electricity.
   It increases your rate of regeneration.
 L - a +1 cloak of poison resistance (worn)
Jewellery
 q - an uncursed ring of flight
 r - an uncursed ring of poison resistance
 C - a +4 ring of slaying (left hand)
 D - an amulet of guardian spirit (around neck)
 F - an uncursed ring of protection from cold
 G - a +6 ring of slaying (right hand)
 O - an uncursed ring of ice
Wands
 A - a wand of digging (9/24)
 N - a wand of acid (10/15)
Scrolls
 d - 4 scrolls of enchant armour
 h - 6 scrolls of identify
 i - 9 scrolls of remove curse
 k - a scroll of fear
 m - 5 scrolls of recharging
 o - 5 scrolls of fog
 w - 4 scrolls of teleportation
Potions
 e - 2 potions of might
 l - a potion of mutation
 u - 5 potions of curing
 v - 2 potions of cure mutation
 z - a potion of cancellation
 B - 2 potions of invisibility
 E - 2 potions of resistance
 M - 2 potions of agility
Comestibles
 c - 11 bread rations
 g - 2 slices of pizza
 n - 4 beef jerkies
 p - 6 meat rations
 x - 5 chunks of flesh
 J - 21 fruits


   Skills:
 + Level 15.0 Fighting
 + Level 15.7 Long Blades
 - Level 7.3 Armour
 - Level 1.3 Dodging


You had 13 spell levels left.
You didn't know any spells.

Dungeon Overview and Level Annotations

Branches:
Dungeon (14/15)            Temple (0/1) D:5            Lair (4/8) D:11
 Shoals (0/4) Lair:3       Spider (0/4) Lair:4          Orc (2/2) D:10
    Elf (0/3) Orc:2
 Vaults: D:13-14

Altars:
Fedhas
Kikubaaqudgha
Okawaru
Pakellas
Ru
Sif Muna
Xom
Yredelemnul
Zin
Beogh

Shops:
D:5 :   D:7 *}   D:10 *   Orc:2 [***


Innate Abilities, Weirdness & Mutations

You have hooves in place of feet.
Armour fits poorly on your strangely shaped body.
You cover ground very quickly.
You have extremely tough skin (AC +3).


Message History

The jumping spider pounces on you but does no damage.
The jumping spider bites you but does no damage.
You completely miss the jumping spider. You kick the jumping spider.
The jumping spider is almost dead.
You feel sick. The jumping spider pounces on you.
* * * LOW HITPOINT WARNING * * *
The jumping spider bites you but does no damage.
The jumping spider pounces on you.
* * * LOW HITPOINT WARNING * * *
The jumping spider bites you.
* * * LOW HITPOINT WARNING * * *
The jumping spider pounces on you.
* * * LOW HITPOINT WARNING * * *
You are caught in a web!
The jumping spider barely misses you.
The jumping spider completely misses you.
The jumping spider bites you but does no damage.
You disentangle yourself.
You feel sick. The jumping spider pounces on you!
* * * LOW HITPOINT WARNING * * *
The jumping spider bites you.
You die...

...#. #....... .>.. ##.......
...# #........
###≈≈≈##.###......
#.......#..#......
#.........#.......
#.........##...... #.
#^s##.....#....... ##.#
#@..s.....#....... #...
+####ss##.............
#...##+#+......##.....#.......
#................# .P.##......
##............................
#...................s.........
##.................≈.....≈....
#.................≈...≈≈≈≈...
#................≈≈≈≈|≈≈≈≈≈..


You could see 4 jumping spiders.

Vanquished Creatures
  Gastronok (Lair:3)
  Louise (D:14)
  The ghost of SaintRoka the Grappler, a journeyman TrMo of Cheibriados (D:12)
  Snorg (Lair:4)
  A hydra (Lair:2)
  The ghost of UranusSolar the Arsonist, a journeyman HEWz of Sif Muna (Lair:4)
  Harold (Lair:1)
  An ogre mage (Volcano)
  A centaur warrior (Orc:2)
  A queen ant (D:9)
  Urug (D:13)
  An orc high priest (Orc:1)
  6 hill giants
  4 orc knights
  Pikel (D:5)
  4 ugly things (D:13)
  A cyclops (D:13)
  An oklob plant (Lair:3)
  An orc sorcerer (Orc:1)
  A manticore (D:12)
  2 centaur zombies
  Maurice (D:13)
  A black mamba (Lair:2)
  A siren (Lair:3)
  3 spiny frogs
  2 komodo dragons
  A tengu conjurer (D:13)
  9 trolls
  3 two-headed ogres
  Grinder (D:4)
  12 blink frogs
  Prince Ribbit (D:5)
  5 slime creatures (D:12)
  A boulder beetle (D:10)
  A spriggan (D:8)
  A redback (Lair:4)
  29 yaks
  Sigmund (D:3)
  A hungry ghost (D:12)
  7 hippogriffs
  3 vampire mosquitoes (D:12)
  A steam dragon (D:14)
  5 wargs
  20 soldier ants
  Menkaure (D:4)
  5 water moccasins
  8 porcupines
  Duvessa (D:3)
  An ice beast (D:5)
  4 sky beasts
  A slave (D:5)
  36 orc warriors
  A wasp (D:11)
  A necrophage (D:7)
  An eye of draining (D:11)
  12 ogres
  4 phantoms
  12 centaurs
  9 crocodiles
  Blork the orc (D:5)
  The ghost of veneficus the Conjurer, an amateur DECj (D:3)
  13 giant frogs
  2 gnoll sergeants
  3 scorpions
  Dowan (D:4)
  16 killer bees
  14 wights
  3 howler monkeys
  9 crimson imps
  2 giant frog zombies
  2 quasits
  9 orc priests
  A gnoll shaman (D:8)
  A human zombie (Ossuary)
  2 centaur skeletons (D:4)
  A giant frog skeleton (D:13)
  12 hounds
  2 jellies
  5 iguanas
  Terence (D:3)
  17 orc wizards
  Ijyb (D:3)
  25 worker ants
  A big kobold zombie (Ossuary)
  12 sheep
  2 hound skeletons
  5 mummies (Ossuary)
  2 worker ant zombies
  Robin (D:3)
  6 adders
  16 gnolls
  42 river rats
  5 shadow imps
  An ooze (D:6)
  2 adder zombies
  An adder skeleton (D:6)
  3 worms
  4 dart slugs
  A giant gecko (D:3)
  101 orcs
  7 giant cockroaches
  A gnoll zombie (Ossuary)
  9 goblins
  20 hobgoblins
  3 jackals (D:6)
  9 kobolds
  5 quokkas
  A ball python (D:3)
  4 bats
  5 giant newts
  3 goblin zombies (Ossuary)
  A jackal zombie (D:5)
  A kobold zombie (Ossuary)
  An orc zombie (Ossuary)
  10 rats
  A plant (Lair:3)
670 creatures vanquished.

Vanquished Creatures (collateral kills)
  An orc warrior (Bailey)
  An orc (Bailey)
2 creatures vanquished.

Vanquished Creatures (others)
  2 plants
2 creatures vanquished.

Grand Total: 674 creatures vanquished

Notes
Turn   | Place    | Note
--------------------------------------------------------------
     0 | D:1      | Kloppie the Centaur Berserker began the quest for the Orb.
     0 | D:1      | Reached XP level 1. HP: 19/19 MP: 1/1
   695 | D:1      | Reached XP level 2. HP: 26/26 MP: 2/2
   906 | D:2      | Reached ** piety under Trog
  1111 | D:2      | Reached XP level 3. HP: 25/31 MP: 3/3
  1482 | D:2      | Found an ancient bone altar of Kikubaaqudgha.
  1545 | D:2      | Found a deep blue altar of Sif Muna.
  1822 | D:3      | Noticed veneficus's ghost (amateur DECj)
  1949 | D:3      | Killed veneficus's ghost
  1949 | D:3      | Reached XP level 4. HP: 41/41 MP: 4/4
  2057 | D:3      | Found a sacrificial altar of Ru.
  2078 | D:3      | Reached XP level 5. HP: 47/47 MP: 5/5
  2134 | D:3      | Noticed Sigmund
  2144 | D:3      | Killed Sigmund
  2144 | D:3      | Reached skill level 5 in Fighting
  2144 | D:3      | Reached XP level 6. HP: 56/56 MP: 6/6
  2145 | D:3      | Reached *** piety under Trog
  2332 | D:3      | Noticed Ijyb
  2333 | D:3      | Noticed Terence
  2354 | D:3      | Killed Terence
  2354 | D:3      | Reached skill level 5 in Long Blades
  2357 | D:3      | Killed Ijyb
  2384 | D:3      | Noticed Robin
  2397 | D:3      | Killed Robin
  2441 | D:3      | Found an oddly glowing altar of Pakellas.
  2442 | D:3      | Found a glowing silver altar of Zin.
  3044 | D:4      | Reached XP level 7. HP: 58/63 MP: 7/7
  3110 | D:4      | Noticed Grinder
  3110 | D:4      | Noticed Duvessa
  3110 | D:4      | Noticed Dowan
  3123 | D:4      | Killed Dowan
  3405 | D:3      | Killed Duvessa
  3831 | D:4      | Killed Grinder
  3831 | D:4      | Reached XP level 8. HP: 48/73 MP: 8/8
  3860 | D:4      | Noticed Menkaure
  3865 | D:4      | Killed Menkaure
  4229 | D:5      | Entered Level 5 of the Dungeon
  4256 | D:5      | Found a sand-covered staircase.
  4278 | D:5      | Found Kaevaw's Book Shop.
  4330 | D:5      | Noticed Pikel
  4346 | D:5      | Killed Pikel
  4360 | D:5      | Noticed Prince Ribbit
  4368 | Ossuary  | Entered an ossuary
  4764 | D:5      | Killed Prince Ribbit
  4764 | D:5      | Reached XP level 9. HP: 35/83 MP: 9/9
  5029 | D:5      | Found an iron altar of Okawaru.
  5029 | D:5      | Found a shimmering altar of Xom.
  5030 | D:5      | Found a basalt altar of Yredelemnul.
  5155 | D:5      | Reached **** piety under Trog
  5193 | D:5      | Found a blossoming altar of Fedhas.
  5313 | D:5      | Found a staircase to the Ecumenical Temple.
  5321 | D:5      | Noticed Blork the orc
  5332 | D:5      | Killed Blork the orc
  6902 | D:7      | Reached skill level 10 in Fighting
  7212 | D:7      | Found Efoshaf's Assorted Antiques.
  7488 | D:7      | Bought a runed scale mail for 120 gold pieces
  7488 | D:7      | Bought a ruby ring for 150 gold pieces
  7531 | D:7      | Reached XP level 10. HP: 94/94 MP: 8/10
  7765 | D:7      | Found an oddly glowing altar of Pakellas.
  7765 | D:7      | Found Pakellas's Prime Provisions.
  7919 | D:7      | Reached skill level 10 in Long Blades
  8565 | D:8      | Reached ***** piety under Trog
  9507 | D:9      | Found a flagged portal.
  9522 | Bailey   | Entered a bailey
  9566 | Bailey   | Noticed an orc knight
  9616 | Bailey   | HP: 7/144 [orc knight/war axe (8)]
  9618 | Bailey   | Killed an orc knight
  9627 | Bailey   | HP: 6/145 [orc warrior/war axe (6)]
  9887 | Bailey   | Got a pair of transparent gloves
  9902 | Bailey   | Identified the +1 pair of gloves of Focus {+Fly rF- MR+} (You found it in a bailey)
 10080 | D:9      | You fall through a shaft!
 10080 | D:10     | Entered Level 10 of the Dungeon
 10128 | D:10     | Found Qelor's General Store.
 10738 | D:10     | Noticed a queen ant
 10770 | D:9      | Killed a queen ant
 10770 | D:9      | Reached XP level 11. HP: 33/104 MP: 7/11
 11949 | D:10     | Received a gift from Trog
 12671 | D:10     | Found a staircase to the Orcish Mines.
 13604 | D:11     | Found a staircase to the Lair.
 13618 | D:11     | Got a faintly humming scale mail
 13629 | D:11     | Identified the +4 scale mail "Vuefyirhiz" {rElec Regen+} (You found it on level 11 of the Dungeon)
 13696 | D:11     | Noticed a hill giant
 13703 | D:11     | Killed a hill giant
 13703 | D:11     | Reached skill level 5 in Armour
 14232 | D:12     | Received a gift from Trog
 14319 | D:12     | Noticed a hill giant
 14326 | D:12     | Killed a hill giant
 14429 | D:12     | Reached XP level 12. HP: 82/112 MP: 8/12
 14586 | D:12     | Noticed SaintRoka's ghost (journeyman TrMo)
 14612 | D:12     | Killed SaintRoka's ghost
 15139 | D:13     | Noticed Maurice
 15162 | D:13     | Killed Maurice
 15806 | D:13     | Received a gift from Trog
 16167 | D:14     | Noticed Louise
 16182 | D:14     | Killed Louise
 16255 | D:14     | Noticed a five-headed hydra
 16259 | D:14     | Noticed a centaur warrior
 16313 | D:14     | Noticed Urug
 16330 | D:13     | Killed Urug
 16438 | Orc:1    | Entered Level 1 of the Orcish Mines
 16692 | Orc:1    | Noticed an orc high priest
 16708 | Orc:1    | Killed an orc high priest
 16708 | Orc:1    | Reached XP level 13. HP: 119/119 MP: 6/13
 16746 | Orc:1    | Reached ****** piety under Trog
 17034 | Orc:2    | Entered Level 2 of the Orcish Mines
 17203 | Orc:2    | Found a staircase to the Elven Halls.
 17287 | Orc:2    | Found a roughly hewn altar of Beogh.
 17873 | Orc:2    | Received a gift from Trog
 18472 | Orc:2    | Found Kote Eseoq's General Store.
 18472 | Orc:2    | Found Jeir's General Store.
 18474 | Orc:2    | Found Vimnor's Antique Armour Shoppe.
 18476 | Orc:2    | Found Imimenuw's Assorted Antiques.
 18488 | Orc:2    | Bought a scroll labeled RUS AGADUN for 29 gold pieces
 18736 | Lair:1   | Entered Level 1 of the Lair of Beasts
 18790 | Lair:1   | Noticed Harold
 18811 | Lair:1   | Killed Harold
 19145 | Lair:1   | Found a dark tunnel.
 19154 | Volcano  | Entered a volcano
 19173 | Volcano  | Found a radiant altar of Vehumet.
 19633 | Lair:1   | Reached skill level 15 in Long Blades
 20083 | Lair:1   | Received a gift from Trog
 20923 | Lair:3   | Noticed Gastronok
 20936 | Lair:3   | Killed Gastronok
 20936 | Lair:3   | Reached XP level 14. HP: 114/133 MP: 3/14
 21522 | Lair:3   | Found a staircase to the Shoals.
 21954 | Lair:4   | Noticed UranusSolar's ghost (journeyman HEWz)
 21967 | Lair:4   | Killed UranusSolar's ghost
 21995 | Lair:4   | Received a gift from Trog
 22057 | Lair:4   | Noticed Snorg
 22066 | Lair:4   | Killed Snorg
 22066 | Lair:4   | Reached skill level 15 in Fighting
 22265 | Lair:4   | Found a hole to the Spider Nest.
 22283 | Lair:4   | HP: 5/135 [jumping spider (14)]
 22283 | Lair:4   | Slain by a jumping spider

Skill      XL: |  1  2  3  4  5  6  7  8  9 10 11 12 13 14 |
---------------+-------------------------------------------+-----
Long Blades    | 3 4 5 6 8 9 11 12 14 15 | 15.7
Fighting       | 4 5 6 7 9 10 11 12 14 15 | 15.0
Armour         | 2 6 7 |  7.3
Dodging        | |  1.3

Action                   |  1- 3 |  4- 6 |  7- 9 | 10-12 | 13-15 || total
-------------------------+-------+-------+-------+-------+-------++-------
Melee: Falchion          |   129 |   117 |   372 |  1083 |       ||  1701
       Kick              |    26 |    29 |   103 |   305 |   192 ||   655
       Great sword       |       |       |       |    62 |   635 ||   697
       Demon whip        |       |       |       |       |    13 ||    13
Invok: Berserk           |     1 |     3 |     4 |    16 |     5 ||    29
       Trog's Hand       |     1 |     1 |     4 |     9 |     8 ||    23
       Brothers in Arms  |       |       |       |     1 |       ||     1
  Use: Scroll            |       |       |    11 |    15 |     7 ||    33
       Potion            |       |       |       |     2 |       ||     2
  Eat: Chunk             |     2 |     7 |    14 |    36 |    23 ||    82
       Royal jelly       |       |       |     1 |     1 |       ||     2
       Meat ration       |       |       |       |     2 |       ||     2
       Beef jerky        |       |       |       |     1 |       ||     1
Armor: Animal skin       |    43 |    12 |       |       |       ||    55
       Ring mail         |       |    32 |       |       |       ||    32
       Scale mail        |       |    10 |   163 |   631 |   426 ||  1230
Dodge: Dodged            |    58 |    64 |   133 |   414 |   286 ||   955
